 Dungeon Crawl Stone Soup version 0.26.1-11-gd32895ea62 (webtiles) character file.

Game seed: 7593943305838131935

1555 nomophobia the Chopper (level 8, -10/63 HPs)
             Began as a Demonspawn Berserker on May 21, 2021.
             Was a Priest of Trog.
             Mangled by an orc warrior
             ... wielding a +0 war axe
              (14 damage)
             ... on level 6 of the Dungeon.
             The game lasted 01:01:20 (6656 turns).

nomophobia the Chopper (Demonspawn Berserker)       Turns: 6656, Time: 01:01:21

Health: -10/63     AC:  9    Str: 20    XL:     8   Next: 58%
Magic:  0/8        EV: 18    Int:  8    God:    Trog [***...]
Gold:   342        SH:  0    Dex:  8    Spells: 7/7 levels left

rFire    . . .     SeeInvis .   a - +0 hand axe
rCold    . . .     Faith    .   (no shield)
rNeg     . . .     Spirit   +   v - +6 leather armour "Rarrowaupp" {+Blink rElec rPois Dex-5}
rPois    +         Reflect  .   (helmet restricted)
rElec    +         Harm     .   (no cloak)
rCorr    .         Rampage  .   (no gloves)
Will     .....                  (no boots)
Stlth    +.........             (no amulet)
HPRegen  0.20/turn              (no ring)
MPRegen  0.22/turn              (no ring)

@: agile
A: horns 1, talons 2, powered by pain 2, magic shield, magic regeneration
a: Renounce Religion, Evoke Blink, Berserk, Trog's Hand


You were on level 6 of the Dungeon.
You worshipped Trog.
Trog was most pleased with you.
You visited 1 branch of the dungeon, and saw 6 of its levels.

You collected 342 gold pieces.

Inventory:

Hand Weapons
 a - a +0 hand axe (weapon)
Armour
 v - the +6 leather armour "Rarrowaupp" (worn) {+Blink rElec rPois Dex-5}
   (You found it on level 5 of the Dungeon)

   It affects your dexterity (-5).
   It insulates you from electricity.
   It protects you from poison.
   It lets you blink.
Jewellery
 c - a +6 ring of intelligence
 f - a +6 ring of intelligence
Scrolls
 h - 5 scrolls of identify
 j - a scroll of enchant armour
 m - a scroll of remove curse
 o - 2 scrolls of random uselessness {unknown}
 q - a scroll of blinking {unknown}
 u - a scroll of immolation {unknown}
Potions
 b - a potion of might
 d - a potion of haste {unknown}
 e - a potion of degeneration {unknown}
 g - a potion of cancellation {unknown}
 i - 2 potions of heal wounds {unknown}
 k - a potion of flight {unknown}
 l - 5 potions of curing {unknown}
 n - 2 potions of attraction {unknown}
 p - a potion of resistance {unknown}
 s - a potion of berserk rage {unknown}
 t - a potion of lignification {unknown}


   Skills:
 + Level 5.6 Fighting
 * Level 6.6 Axes
 * Level 5.6 Armour
 - Level 4.0 Dodging


You had 7 spell levels left.
You didn't know any spells.
Your spell library was empty.

Dungeon Overview and Level Annotations

Branches:
Dungeon (6/15)
 Temple: D:4-7

Altars:
Ashenzari
Fedhas
Gozag
Qazlal
Yredelemnul
Zin


Innate Abilities, Weirdness & Mutations

You have a pair of small horns on your head.
You have razor-sharp toenails.
You sometimes gain power by taking damage.
When hurt, damage is shared between your health and your magic reserves.
You regenerate magic rapidly.


Message History

The orc warrior is severely wounded.
You recover from your berserk rage.
The orc warrior hits you with a +0 war axe!
* * * LOW HITPOINT WARNING * * *
You hit the orc warrior but do no damage.
The orc warrior is severely wounded.
The orc warrior hits you but does no damage.
You hit the orc warrior.
You claw the orc warrior, but do no damage.
You headbutt the orc warrior.
The orc warrior is severely wounded.
You closely miss the orc warrior. You claw the orc warrior.
Your headbutt misses the orc warrior.
The orc warrior is almost dead.
The orc warrior closely misses you.
You hit the orc warrior but do no damage.
You claw the orc warrior.
The orc warrior is almost dead.
The orc warrior hits you with a +0 war axe!
You die...

#............##+#
#................
##+##.............
#...).........
#####......... #
#..#....####. ...
#..#....#
.....##'#....#
......o@)#####
.......).#
.........#
.........#
#####....# #....#
#....# +....#


You could see an orc warrior.

Vanquished Creatures
  The ghost of dtburroughs the Skirmisher, an amateur MiBe of Trog (D:4)
  Edmund (D:5)
  An orc warrior (D:4)
  A phantom (D:4)
  3 ogres (D:5)
  3 howler monkeys
  A bullfrog skeleton (D:5)
  A centaur skeleton (D:6)
  A hound (D:6)
  5 orc wizards
  Jessica (D:3)
  An iguana (D:5)
  5 worker ants
  A hound skeleton (D:5)
  A mummy (D:4)
  2 worker ant zombies (D:5)
  6 adders
  4 gnolls (D:6)
  An ooze (D:3)
  2 worms
  2 leopard geckos
  17 orcs
  9 giant cockroaches
  4 goblins
  6 hobgoblins
  6 jackals
  8 kobolds
  3 quokkas
  A ball python (D:5)
  8 bats
  10 frilled lizards
  2 hobgoblin zombies (D:4)
  A kobold zombie (D:4)
  2 leopard gecko skeletons
  A leopard gecko zombie (D:5)
  An orc zombie (D:4)
  2 quokka skeletons (D:4)
  A quokka zombie (D:5)
  7 rats
  A spectral orc (D:5)
134 creatures vanquished.

Vanquished Creatures (others)
  8 plants
8 creatures vanquished.

Grand Total: 142 creatures vanquished

Notes
Turn   | Place    | Note
-------+----------+-------------------------------------------
     0 | D:1      | nomophobia the Demonspawn Berserker began the quest for the
                  | Orb.
     0 | D:1      | Reached XP level 1. HP: 18/18 MP: 1/1
   457 | D:1      | Gained mutation: You have sharp toenails. [demonic
                  | ancestry]
   457 | D:1      | Reached XP level 2. HP: 24/24 MP: 2/2
   767 | D:1      | Reached skill level 3 in Axes
   948 | D:2      | Found a stormy altar of Qazlal.
   949 | D:2      | Noticed an earth elemental
   953 | D:2      | Noticed a fire elemental
   953 | D:2      | Noticed an air elemental
   953 | D:2      | Noticed a water elemental
  1104 | D:2      | Gained mutation: You have a pair of small horns on your
                  | head. [demonic ancestry]
  1104 | D:2      | Reached XP level 3. HP: 16/29 MP: 3/3
  1434 | D:2      | Reached ** piety under Trog
  2346 | D:2      | Gained mutation: When hurt, damage is shared between your
                  | health and your magic reserves. [demonic ancestry]
  2346 | D:2      | Reached XP level 4. HP: 33/36 MP: 4/4
  2535 | D:2      | Found a broken altar of Ashenzari.
  2727 | D:3      | Noticed Jessica
  2970 | D:3      | Killed Jessica
  3208 | D:3      | Found a faded altar of an unknown god.
  3280 | D:3      | Gained mutation: You sometimes gain a little power by
                  | taking damage. [demonic ancestry]
  3280 | D:3      | Reached XP level 5. HP: 42/42 MP: 5/5
  3550 | D:4      | Noticed a phantom
  3612 | D:4      | Killed a phantom
  3613 | D:4      | Reached skill level 4 in Axes
  3702 | D:4      | Found a blossoming altar of Fedhas.
  3786 | D:4      | Gained mutation: You sometimes gain power by taking damage.
                  | [demonic ancestry]
  3786 | D:4      | Reached XP level 6. HP: 47/48 MP: 6/6
  4614 | D:4      | Found a runed translucent gate.
  4614 | D:4      | Found an opulent altar of Gozag.
  4614 | D:4      | Noticed an orc warrior
  4614 | D:4      | Noticed dtburroughs's ghost (amateur MiBe)
  4625 | D:4      | Found a runed translucent gate.
  4625 | D:4      | Found a runed translucent gate.
  4635 | D:4      | Killed an orc warrior
  4636 | D:4      | Gained mutation: You have razor-sharp toenails. [demonic
                  | ancestry]
  4636 | D:4      | Reached XP level 7. HP: 55/55 MP: 5/7
  4644 | D:4      | Killed dtburroughs's ghost
  4645 | D:4      | Reached skill level 5 in Axes
  4771 | D:5      | Entered Level 5 of the Dungeon
  4978 | D:5      | Reached *** piety under Trog
  5306 | D:5      | Reached skill level 5 in Fighting
  5317 | D:5      | Gained mutation: You regenerate magic rapidly. [demonic
                  | ancestry]
  5317 | D:5      | Reached XP level 8. HP: 41/62 MP: 6/8
  5628 | D:5      | Noticed Edmund
  5637 | D:5      | Killed Edmund
  5638 | D:5      | Reached skill level 6 in Axes
  5638 | D:5      | Reached skill level 5 in Armour
  6031 | D:5      | Got a sapphire-encrusted leather armour
  6032 | D:5      | Identified the +6 leather armour "Rarrowaupp" {+Blink rElec
                  | rPois Dex-5} (You found it on level 5 of the Dungeon)
  6289 | D:5      | Found a basalt altar of Yredelemnul.
  6399 | D:5      | Found a glowing silver altar of Zin.
  6652 | D:6      | HP: 3/63 [orc warrior/+0 war axe (14)]
  6656 | D:6      | Mangled by an orc warrior

Illustrated notes

Levels and vault maps discovered:
D:1:      minmay_arrival_four_circles, layout_loops_ring, minmay_lizard_king
D:2:      layout_basic, nicolae_qazlal_style_of_elements, lemuel_tele_altar
D:3:      layout_rooms, chequers_ecumenical_altar_lobes,
          kennysheep_generic_room_3, uniq_jessica
D:4:      layout_loops_ring, fedhas_altar_2, ebering_ghost_gozag,
          minmay_mini_ossuary
D:5:      layout_basic, yredelemnul_forgotten_temple_becter, basic_altar,
          mrwooster_statue_mirror, saegor_snake_ambush, uniq_edmund
D:6:      layout_gridville, kennysheep_mini

Skill      XL: |  1  2  3  4  5  6  7  8 |
---------------+-------------------------+-----
Armour         | 2 3 4 5 |  5.6
Axes           | 3 4 5 6 |  6.6
Dodging        | 2 3 4 |  4.0
Fighting       | 4 5 |  5.6

Action                   |  1- 3 |  4- 6 |  7- 9 || total
-------------------------+-------+-------+-------++-------
Melee: Hand axe          |    88 |   172 |   161 ||   421
       Kick              |    16 |    54 |    53 ||   123
       Headbutt          |     4 |    24 |    30 ||    58
Invok: Berserk           |     6 |     8 |     4 ||    18
       Trog's Hand       |       |     4 |       ||     4
  Use: Scroll            |     2 |     3 |     2 ||     7
Armor: Animal skin       |    16 |     5 |       ||    21
       Ring mail         |       |    22 |    12 ||    34
       Leather armour    |       |       |    22 ||    22
Dodge: Dodged            |    39 |   120 |    67 ||   226
